 Dungeon Crawl Stone Soup version 0.24.0-37-gcf1ca852f1 (webtiles) character file.

Game seed: 11306396828844234542, levelgen mode: deterministic

65 Mrkan the Chucker (level 3, 0/33 HPs)
             Began as a Troll Hunter on Nov 26, 2019.
             Slain by a gnoll
             ... wielding a +0 club
              (7 damage)
             ... on level 2 of the Dungeon.
             The game lasted 00:02:40 (1343 turns).

Mrkan the Chucker (Troll Hunter)                    Turns: 1343, Time: 00:02:40

Health: 0/33       AC:  8    Str: 20    XL:     3   Next: 92%
Magic:  2/2        EV: 10    Int:  8    God:
Gold:   124        SH:  0    Dex: 10    Spells: 2/2 levels left

rFire    . . .     SeeInvis .     - Unarmed
rCold    . . .     Gourm    +   (no shield)
rNeg     . . .     Faith    .   b - +0 robe
rPois    .         Spirit   .   (helmet restricted)
rElec    .         Reflect  .   j - +1 cloak
rCorr    .         Harm     .   (gloves unavailable)
MR       .....                  (boots unavailable)
Stlth    +.........             (no amulet)
HPRegen  0.51/turn              (no ring)
MPRegen  0.08/turn              (no ring)

@: no status effects
A: large, unfitting armour, claws 3, fast metabolism 3, gourmand, regeneration
1, shaggy fur 1, tough skin 3
a: no special abilities


You were on level 2 of the Dungeon.
You were not hungry.

You visited 1 branch of the dungeon, and saw 2 of its levels.

You collected 124 gold pieces.

Inventory:

Missiles
 c - 5 large rocks (quivered)
 d - 2 throwing nets
 h - 20 poisoned darts
Armour
 b - a +0 robe (worn)
 j - a +1 cloak (worn)
Jewellery
 m - an uncursed ring of magical power {unknown}
Scrolls
 a - 3 scrolls of teleportation {unknown}
 e - 3 scrolls of remove curse {unknown}
 g - 2 scrolls of fear {unknown}
 i - 2 scrolls of identify {unknown}
 p - a scroll of blinking {unknown}
Potions
 k - 2 potions of flight {unknown}
 l - a potion of ambrosia {unknown}
 n - a potion of curing {unknown}
 o - a potion of berserk rage {unknown}
 q - a potion of heal wounds {unknown}
Comestibles
 f - 7 rations


   Skills:
 - Level 1.5 Fighting
 - Level 3.6 Throwing
 - Level 1.5 Dodging
 - Level 0.3 Stealth
 * Level 3.6 Unarmed Combat


You had 2 spell levels left.
You didn't know any spells.
Your spell library was empty.

Dungeon Overview and Level Annotations

Branches:
Dungeon (2/15)

Altars:


Innate Abilities, Weirdness & Mutations

You are too large for most types of armour.
You have claws for hands.
Your metabolism is lightning-fast.
You like to eat raw meat.
Your natural rate of healing is unusually fast.
You are covered in fur. (AC +1)
You have extremely tough skin. (AC +3)


Message History

The gnoll hits you with a +0 whip!
You claw the gnoll!
The gnoll is severely wounded.
The gnoll hits you but does no damage. The gnoll hits you but does no damage.
The gnoll hits you with a +0 club. The gnoll closely misses you.
The gnoll hits you with a +0 whip.
You barely miss the gnoll. The gnoll hits you but does no damage.
The gnoll hits you with a +0 flail. The gnoll barely misses you.
The gnoll closely misses you.
You barely miss the gnoll. The gnoll completely misses you.
The gnoll barely misses you. The gnoll hits you with a +0 whip.
The gnoll hits you with a +0 halberd.
You barely miss the gnoll. The gnoll hits you with a +0 whip.
The gnoll hits you but does no damage. The gnoll hits you with a +0 flail.
* * * LOW HITPOINT WARNING * * *
You scratch the gnoll.
The gnoll is heavily wounded.
The gnoll barely misses you. The gnoll closely misses you.
The gnoll hits you with a +0 club!
You die...

..#..#..................#########
###.).########...######## ####
....#.# #...# #####... ...##.#
#...# #....... #####.# #####...#
#....... # #.. ....#...# #.......
# #.# #####...# #....... # #+#
#.g.# #....... # #.g@# ##.......
# #.gg# #........ .
#...########.####... .
#...#........# #...
#...#############... #...#
#....... #...# #....... #...#
#.....## #.....#.


You could see 4 gnolls.

Vanquished Creatures
  2 adders (D:2)
  A worm (D:1)
  3 dart slugs (D:1)
  2 leopard geckos (D:1)
  2 giant cockroaches
  7 goblins
  2 hobgoblins (D:2)
  A quokka (D:2)
  2 ball pythons (D:2)
  3 bats
  4 frilled lizards
  6 kobolds
  2 rats (D:1)
37 creatures vanquished.

Notes
Turn   | Place    | Note
-------+----------+-------------------------------------------
     0 | D:1      | Mrkan the Troll Hunter began the quest for the Orb.
     0 | D:1      | Reached XP level 1. HP: 19/19 MP: 0/0
    16 | D:1      | Reached skill level 1 in Unarmed Combat
   158 | D:1      | Reached XP level 2. HP: 27/27 MP: 1/1
   674 | D:1      | Reached XP level 3. HP: 33/33 MP: 2/2
  1343 | D:2      | Slain by a gnoll

Levels and vault maps discovered:
D:1:      evilmike_arrival_run_for_it, layout_loops_ring
D:2:      layout_basic, serial_co_window_serial, co_window_corner_a,
          co_window_of_opportunity_a, co_window_of_opportunity_a,
          co_window_of_opportunity_a, co_window_corner_a, co_window_corner_a,
          co_window_corner_a, co_window_broadway_c, co_window_paths_c,
          co_window_unsneaky_path_b, co_window_unsneaky_path_a,
          co_window_of_opportunity_b, co_window_corner_ca, led_sif_pool

Skill      XL: |  1  2  3 |
---------------+----------+-----
Unarmed Combat | 1 2 3 |  3.6
Fighting       | |  1.5
Throwing       | |  3.6
Dodging        | |  1.5
Stealth        | |  0.3

Action                   || total
-------------------------++-------
Melee: Unarmed           ||   118
       Punch             ||     1
  Eat: Chunk             ||    12
Armor: Robe              ||    45
Dodge: Dodged            ||    68
